 Dungeon Crawl Stone Soup version 0.27-a0-216-g1fbed8a51c (webtiles) character file.

Game seed: 16331301618181010499

9 knot the Chopper (level 2, 19/36 HPs)
             Began as a Demonspawn Berserker on Feb 1, 2021.
             Was a Follower of Trog.
             Quit the game on level 1 of the Dungeon.
             The game lasted 00:00:20 (277 turns).

knot the Chopper (Demonspawn Berserker)              Turns: 277, Time: 00:00:21

Health: 19/36      AC:  2    Str: 17    XL:     2   Next: 3%
Magic:  2/2        EV: 12    Int:  8    God:    Trog [*.....]
Gold:   28         SH:  0    Dex: 12    Spells: 1/1 levels left

rFire    . . .     SeeInvis .   a - +0 hand axe
rCold    . . .     Faith    .   (no shield)
rNeg     . . .     Spirit   .   b - +0 animal skin
rPois    .         Reflect  .   (no helmet)
rElec    .         Harm     .   (no cloak)
rCorr    .         Rampage  .   (no gloves)
Will     .....                  (no boots)
Stlth    ..........             (no amulet)
HPRegen  0.12/turn              (no ring)
MPRegen  0.08/turn              (no ring)

@: berserking (expiring), very quick
A: talons 1
a: Renounce Religion, Berserk


You were on level 1 of the Dungeon.
You worshipped Trog.
Trog was aware of your devotion.
You visited 1 branch of the dungeon, and saw 1 of its levels.

You collected 28 gold pieces.

Inventory:

Hand Weapons
 a - a +0 hand axe (weapon)
Armour
 b - a +0 animal skin (worn)


   Skills:
 - Level 3.0 Fighting
 + Level 3.2 Axes
 - Level 1.7 Armour
 - Level 1.7 Dodging


You had one spell level left.
You didn't know any spells.
Your spell library was empty.

Dungeon Overview and Level Annotations

Branches:
Dungeon (1/15)

Altars:


Innate Abilities, Weirdness & Mutations

You have sharp toenails.


Message History

The bat misses you. The kobold barely misses you.
The bat hits you but does no damage.
You barely miss the kobold. You closely miss the bat.
The bat closely misses you. The bat hits you but does no damage.
You closely miss the kobold. The bat barely misses you.
The bat closely misses you. The kobold closely misses you.
You slash the kobold!
You kill the kobold!
Trog accepts your kill.
You closely miss the bat. You miss the bat. The bat barely misses you.
The bat hits you but does no damage. The bat misses you.
You slash the bat!
You kill the bat!
Trog accepts your kill. The bat closely misses you.
You have reached level 2!
Your demonic ancestry asserts itself...
Your toenails lengthen and sharpen.
Are you sure you want to abandon this character and quit the game? (Confirm with "yes".)

. ... ... ##
#... ..####[ #.
.... (...... ..
#!.# ....... ##.
###..##.......
.. #
#........)....
.#.##
#.#....).....#
.#..#
#.#.b#.##.# ...#
#.#..@....# .###
######.##.#.####
.#
...........#.###
.#
##.######......#
.# #.##.#.# .#
#.##.#.# .#
#.##.#.# .####
#.##.#.# .>..#
#......#


You could see a bat.

Vanquished Creatures
  A leopard gecko (D:1)
  4 bats (D:1)
  A kobold (D:1)
  3 rats (D:1)
9 creatures vanquished.

Notes
Turn   | Place    | Note
-------+----------+-------------------------------------------
     0 | D:1      | knot the Demonspawn Berserker began the quest for the Orb.
     0 | D:1      | Reached XP level 1. HP: 18/18 MP: 1/1
   277 | D:1      | Gained mutation: You have sharp toenails. [demonic
                  | ancestry]
   277 | D:1      | Reached XP level 2. HP: 19/24 MP: 2/2
   277 | D:1      | Quit the game

Illustrated notes

Levels and vault maps discovered:
D:1:      roderic_chinese_lattice_arrival, layout_loops_cross, serial_glass,
          glass_columns_a, glass_columns_c

Skill      XL: |  1 |
---------------+----+-----
Axes           | 3 |  3.2
Fighting       | |  3.0
Armour         | |  1.7
Dodging        | |  1.7

Action                   || total
-------------------------++-------
Melee: Hand axe          ||    25
Invok: Berserk           ||     1
 Stab: Sleeping          ||     2
Armor: Animal skin       ||    15
Dodge: Dodged            ||    37

Table legend: (Time is in decaauts)
 A = Elapsed time spent in this place.
 B = Non-inter-level travel time spent in this place.
 C = Inter-level travel time spent in this place.
 D = Time resting spent in this place.
 E = Time spent auto-exploring this place.
 F = Levels seen in this place.
 G = Mean time per level.
                   A        B        C        D        E       F      G
               +--------+--------+--------+--------+--------+-----+--------+
         Total |    279 |    279 |      0 |      0 |    223 |   1 |  279.0 |
       Dungeon |    279 |    279 |      0 |      0 |    223 |   1 |  279.0 |
               +--------+--------+--------+--------+--------+-----+--------+

Top non-repeatable levels by time:
     D:1: 279 daAuts
